 Dungeon Crawl Stone Soup version 0.20-a0-809-gaf7f668 (webtiles) character file.

308 Gorglomux the Sneak (level 6, -1/41 HPs)
             Began as a Vampire Enchanter on Mar 2, 2017.
             Slain by an ogre
             ... wielding a +0 giant club
              (22 damage)
             ... on level 4 of the Dungeon.
             The game lasted 00:06:03 (3670 turns).

Gorglomux the Sneak (Vampire Enchanter)             Turns: 3670, Time: 00:06:04

Health: -1/41      AC:  2    Str:  7    XL:     6   Next: 16%
Magic:  9/9        EV: 12    Int: 20    God:
Gold:   261        SH:  0    Dex: 14    Spells: 3/9 levels left

rFire    . . .     SeeInvis +   r - +1 dagger (venom)
rCold    + . .     Gourm    .   b - +0 robe
rNeg     + + .     Faith    .   (no shield)
rPois    +         Spirit   .   (no helmet)
rElec    .         Reflect  .   (no cloak)
rCorr    .         Harm     .   (no gloves)
MR       .....                  (no boots)
Stlth    +++++.....             (no amulet)
Regen    0.1/turn               (no ring)
MPRegen  0.2/turn               (no ring)

@: regenerating slowly
A: fangs 3, see invisible, unbreathing
a: Bat Form


You were on level 4 of the Dungeon.
You were thirsty.

You visited 1 branch of the dungeon, and saw 4 of its levels.

You collected 261 gold pieces.

Inventory:

Hand Weapons
 a - a +1 dagger
 r - a +1 dagger of venom (weapon)
Armour
 b - a +0 robe (worn)
Jewellery
 q - an uncursed ring of flight {unknown}
Wands
 A - a wand of acid (8/15)
Scrolls
 f - a scroll of magic mapping {unknown}
 i - 5 scrolls of identify {unknown}
 j - 3 scrolls of fear {unknown}
 k - a scroll of immolation {unknown}
 l - 2 scrolls of recharging {unknown}
 m - 3 scrolls of amnesia {unknown}
 n - 3 scrolls of teleportation {unknown}
 p - 2 scrolls of fog {unknown}
 B - a scroll of remove curse {unknown}
Potions
 d - 13 potions of blood
 e - a potion of heal wounds {unknown}
 g - a potion of ambrosia {unknown}
 h - 5 potions of curing {unknown}
 o - a potion of lignification {unknown}
Books
 c - a book of Maledictions

   Spells                             Type                      Level
   a - Corona                         Hexes                        1
   b - Ensorcelled Hibernation        Hexes/Ice                    2
   c - Confuse                        Hexes                        3
   d - Tukima's Dance                 Hexes                        3
   e - Dazzling Spray                 Conjuration/Hexes            3


   Skills:
 + Level 4.2 Short Blades
 - Level 2.1 Dodging
 + Level 7.2 Stealth
 - Level 2.0 Spellcasting
 + Level 6.4 Hexes


You had 3 spell levels left.
You knew the following spells:

 Your Spells              Type           Power        Failure   Level  Hunger
a - Corona                Hex            ####...      1%          1    #......
x - Confuse               Hex            ####....     4%          3    ###....
z - Ensorcelled Hibernat  Hex/Ice        ##....       10%         2    ##.....


Dungeon Overview and Level Annotations

Branches:
Dungeon (4/15)
 Temple: D:4-7

Altars:
Trog

Shops:
D:4 (

Annotations:
D:4 Blork the orc


Innate Abilities, Weirdness & Mutations

You heal slowly.
You have razor-sharp teeth.
You have supernaturally acute eyesight. (SInv)
You can survive without breathing.


Message History

You hit the frilled lizard.
You kill the frilled lizard!
No target in view!
You now have 261 gold pieces (gained 13).
B - a scroll labeled ONOGHO UQAGEPA An ogre comes into view.
It is wielding a giant club.
An ogre is nearby!
The ogre shouts!
You hear a shout!
You hear an angry hiss.
The ogre hits you with a giant club!!
* * * LOW HITPOINT WARNING * * *
Found a ring mail.
Blork the orc comes into view.
He is wielding a flail.
Blork the orc begins to cast a cantrip, but forgets the words!
Blork the orc mumbles some strange words.
Blork the orc seems to speed up.
You fail to use your ability.
The ogre closely misses you.
Blork the orc screams, "I'll make a cloak from your skin!"
You fail to use your ability.
The ogre hits you with a giant club!!
Ouch! That really hurt!
You die...

.# #.# .#
#######.#####.# .#
#...o.......... .# #.#
#.#######.###.# .# #.#
#.# # .####### #.# #o#
.......# #.# #.#######.
.#####.## #.#
#####......... .#
##...###.#
#.@Oo..######.
.###.###.##.###.####.#
....## ##>...........#
###.# #...........#####
#.## ##.#.....#.#.......
##.###.########...######
##...## ##### #####


You could see Blork the orc and an ogre.

Vanquished Creatures
  A water moccasin zombie (D:4)
  A scorpion (D:4)
  An orc priest (D:4)
  An orc wizard (D:4)
  A worker ant (D:4)
  Terence (D:2)
  2 adders
  An ooze (D:2)
  4 worms
  2 dart slugs
  4 leopard geckos
  3 orcs (D:4)
  A ball python (D:2)
  2 giant cockroaches
  10 goblins
  3 hobgoblins
  2 jackals (D:2)
  5 kobolds
  A quokka (D:2)
  7 bats
  7 frilled lizards
  7 rats
67 creatures vanquished.

Notes
Turn   | Place    | Note
-------+----------+-------------------------------------------
     0 | D:1      | Gorglomux the Vampire Enchanter began the quest for the Orb.
     0 | D:1      | Reached XP level 1. HP: 13/13 MP: 3/3
   317 | D:1      | Reached XP level 2. HP: 15/19 MP: 5/5
   321 | D:1      | Learned a level 2 spell: Ensorcelled Hibernation
  1285 | D:2      | Reached skill level 5 in Stealth
  1285 | D:2      | Reached XP level 3. HP: 10/24 MP: 0/6
  1711 | D:2      | Found a bloodstained altar of Trog.
  1903 | D:2      | Noticed Terence
  1905 | D:2      | Killed Terence
  1905 | D:2      | Reached skill level 3 in Short Blades
  1916 | D:2      | Reached XP level 4. HP: 22/30 MP: 7/7
  2364 | D:2      | Learned a level 3 spell: Confuse
  2468 | D:3      | Reached skill level 6 in Stealth
  3038 | D:4      | Reached XP level 5. HP: 35/35 MP: 8/8
  3077 | D:4      | Reached skill level 6 in Hexes
  3122 | D:4      | Noticed an ice beast
  3389 | D:4      | Reached skill level 7 in Stealth
  3389 | D:4      | Reached XP level 6. HP: 18/41 MP: 2/9
  3565 | D:4      | Found Hyqiusy's Weapon Boutique.
  3656 | D:4      | Noticed Blork the orc
  3670 | D:4      | Slain by an ogre

Vault maps used:
D:1:      roderic_octagonal_star
D:2:      nicolae_overflow_hidden_temple, uniq_terence
D:3:      first_bread, nrook_mini_vaults
D:4:      serial_shops, shop_coins, uniq_menkaure, uniq_blork_the_orc

Skill      XL: |  1  2  3  4  5 |
---------------+----------------+-----
Short Blades   | 2 3 4 |  4.2
Stealth        | 5 6 7 |  7.2
Hexes          | 5 6 |  6.4
Dodging        | |  2.1
Spellcasting   | |  2.0

Action                   |  1- 3 |  4- 6 || total
-------------------------+-------+-------++-------
Melee: Dagger            |    88 |    90 ||   178
       Bite              |     8 |     2 ||    10
 Cast: Ensorcelled Hiber |     2 |     6 ||     8
       Corona            |     1 |       ||     1
       Confuse           |       |     4 ||     4
 Abil: End Transformatio |       |     1 ||     1
       Bat Form          |       |     1 ||     1
  Use: Potion            |       |     3 ||     3
 Stab: Sleeping          |    13 |    19 ||    32
       Distracted        |     1 |     1 ||     2
       Confused          |       |     1 ||     1
Armor: Robe              |    20 |     8 ||    28
Dodge: Dodged            |    47 |    43 ||    90
